 Dungeon Crawl Stone Soup version 0.20.0-15-g7f486f2 (webtiles) character file.

185 Hook the Ruffian (level 5, -4/40 HPs)
             Began as a Draconian Transmuter on June 27, 2017.
             Killed by nerve-wracking pain
             ... invoked by Menkaure
              (5 damage)
             ... on level 4 of the Dungeon.
             The game lasted 00:09:41 (3733 turns).

Hook the Ruffian (Draconian Transmuter)             Turns: 3733, Time: 00:09:42

Health: -4/40      AC:  2    Str: 11 (13) XL:     5   Next: 37%
Magic:  6/9        EV: 20    Int: 12 (14) God:
Gold:   144        SH:  0    Dex: 14 (16) Spells: 3/9 levels left

rFire    . . .     SeeInvis .     - Unarmed
rCold    + . .     Gourm    .   (shield currently unavailable)
rNeg     . . .     Faith    .   (armour unavailable)
rPois    x         Spirit   .   (helmet currently unavailable)
rElec    .         Reflect  .   (cloak currently unavailable)
rCorr    .         Harm     .   (gloves currently unavailable)
MR       .....                  (boots currently unavailable)
Stlth    ++........             (no amulet)
Regen    0.2/turn               l - ring of protection from cold
MPRegen  0.2/turn               (no ring)

@: spider-form
A: unfitting armour, AC +5
a: End Transformation


You were on level 4 of the Dungeon.
You were not hungry.
You were a venomous arachnid creature.
You visited 1 branch of the dungeon, and saw 4 of its levels.

You collected 144 gold pieces.

Inventory:

Missiles
 a - 84 arrows
 e - 33 stones (quivered)
 r - 3 steel tomahawks
Jewellery
 l - a ring of protection from cold (left front leg)
Scrolls
 d - 4 scrolls of remove curse
 f - a scroll of blinking
 p - 2 scrolls of magic mapping {unknown}
 q - a scroll of immolation {unknown}
Potions
 h - a potion of heal wounds
 i - 2 potions of curing
 o - 2 potions of resistance {unknown}
Books
 b - a book of Changes

   Spells                             Type                      Level
   a - Beastly Appendage              Transmutation                1
   b - Sticks to Snakes               Transmutation                2
   c - Spider Form                    Transmutation/Poison         3
   d - Ice Form                       Ice/Transmutation            4
   e - Blade Hands                    Transmutation                5
 m - a book of Maledictions

   Spells                             Type                      Level
   a - Corona                         Hexes                        1
   b - Ensorcelled Hibernation        Hexes/Ice                    2
   c - Confuse                        Hexes                        3
   d - Tukima's Dance                 Hexes                        3
   e - Dazzling Spray                 Conjuration/Hexes            3
Comestibles
 c - 2 bread rations
 j - 2 royal jellies
 k - 3 meat rations
 n - 3 chunks of flesh


   Skills:
 + Level 1.4 Fighting
 * Level 2.6 Dodging
 + Level 0.8 Stealth
 + Level 4.0 Unarmed Combat
 * Level 2.9 Spellcasting
 * Level 2.8 Transmutations
 * Level 1.4 Poison Magic


You had 3 spell levels left.
You knew the following spells:

 Your Spells              Type           Power        Failure   Level  Hunger
a - Beastly Appendage     Tmut           #.....       21%         1    #......
b - Spider Form           Tmut/Pois      #.........   52%         3    ###....
c - Ensorcelled Hibernat  Hex/Ice        #.....       58%         2    ###....


Dungeon Overview and Level Annotations

Branches:
Dungeon (4/15)
 Temple: D:4-7

Altars:
Nemelex Xobeh

Annotations:
D:4 Menkaure


Innate Abilities, Weirdness & Mutations

((Your plain brown scales are hard. (AC +5)))
You cannot fit into any form of body armour.
((You are cold-blooded and may be slowed by cold attacks.))


Message History

You feel weakened.
You feel dopey.
You feel clumsy.
Casting: Spider Form
Confirm with . or Enter, or press ? or * to list all spells.
You can't see any susceptible monsters within range! (Use Z to cast anyway.) Unknown command.
Menkaure casts a spell.
Menkaure seems to speed up.
Menkaure hits you!!
Ouch! That really hurt!
* * * LOW HITPOINT WARNING * * *
Found a short sword.
Found a stone staircase leading down.
You hit Menkaure.
Menkaure is lightly damaged.
Menkaure completely misses you.
You hit Menkaure.
Menkaure is moderately damaged.
Menkaure completely misses you.
Menkaure points at you and mumbles some strange words.
Pain shoots through your body!
You die...

##.........#
###...<......#
##............#
##.............#
#..............#
#(.>...........#
#..............#
##..............
#s............#
#M...........#
##...........
....... .......
....... .......
>.)....


You could see Menkaure.

Vanquished Creatures
  An orc wizard (D:3)
  A worker ant (D:4)
  4 adders
  2 oozes (D:2)
  3 worms
  A dart slug (D:3)
  A leopard gecko (D:2)
  7 orcs (D:3)
  4 bats
  3 giant cockroaches (D:1)
  7 goblins
  9 hobgoblins
  9 jackals (D:1)
  A quokka (D:3)
  A ball python (D:3)
  7 frilled lizards
  7 kobolds
  5 rats
73 creatures vanquished.

Vanquished Creatures (others)
  A hobgoblin (D:3)
1 creature vanquished.

Grand Total: 74 creatures vanquished

Notes
Turn   | Place    | Note
-------+----------+-------------------------------------------
     0 | D:1      | Hook the Draconian Transmuter began the quest for the Orb.
     0 | D:1      | Reached XP level 1. HP: 16/16 MP: 3/3
   504 | D:1      | Reached XP level 2. HP: 18/23 MP: 3/5
   779 | D:1      | Reached XP level 3. HP: 21/28 MP: 6/6
   926 | D:1      | Learned a level 3 spell: Spider Form
  2096 | D:2      | Reached XP level 4. HP: 26/35 MP: 4/7
  2304 | D:2      | Reached skill level 1 in Poison Magic
  2874 | D:3      | Learned a level 2 spell: Ensorcelled Hibernation
  2905 | D:3      | Found a sparkling altar of Nemelex Xobeh.
  2989 | D:3      | Reached XP level 5. HP: 30/40 MP: 9/9
  3085 | D:3      | Reached skill level 4 in Unarmed Combat
  3725 | D:4      | Noticed Menkaure
  3731 | D:4      | HP: 1/40 [Menkaure (23)]
  3733 | D:4      | Killed from afar by Menkaure

Skill      XL: |  1  2  3  4  5 |
---------------+----------------+-----
Dodging        | 2 |  2.6
Poison Magic   | 1 |  1.4
Unarmed Combat | 4 |  4.0
Fighting       | |  1.4
Stealth        | |  0.8
Spellcasting   | |  2.9
Transmutations | |  2.8

Action                   |  1- 3 |  4- 6 || total
-------------------------+-------+-------++-------
Melee: Unarmed           |   141 |   103 ||   244
       Tailslap          |    14 |     9 ||    23
       Headbutt          |     2 |       ||     2
       Kick              |    12 |     6 ||    18
Throw: Stone             |       |     4 ||     4
 Cast: Beastly Appendage |    17 |     8 ||    25
       Spider Form       |     2 |     7 ||     9
       Ensorcelled Hiber |       |     3 ||     3
  Use: Scroll            |     3 |     1 ||     4
       Potion            |       |     4 ||     4
 Stab: Sleeping          |     1 |     1 ||     2
  Eat: Bread ration      |     1 |     1 ||     2
       Chunk             |     1 |     2 ||     3
Armor: Skin              |    50 |    17 ||    67
Dodge: Dodged            |   103 |    59 ||   162
